 Dungeon Crawl Stone Soup version 0.17.0-24-gcfadda4 (webtiles) character file.

51 Raultor the Vexing (level 3, -6/24 HPs)
             Began as a Vampire Enchanter on Nov 16, 2015.
             Mangled by a gnoll
             ... wielding a +0 flail
              (13 damage)
             ... on level 2 of the Dungeon.
             The game lasted 00:02:45 (1071 turns).

Raultor the Vexing (Vampire Enchanter)              Turns: 1071, Time: 00:02:46

Health: -6/24      AC:  7    Str:  7    XL:     3   Next: 58%
Magic:  7/15       EV: 12    Int: 20    God:
Gold:   82         SH:  0    Dex: 15    Spells: 2 memorised, 3 levels left

rFire  . . .     SeeInvis +     a - +1 dagger
rCold  + . .     Clarity  .     b - +1 robe
rNeg   + + .     SustAt   .     (no shield)
rPois  +         Gourm    .     j - +2 helmet
rElec  .         Spirit   .     (no cloak)
rCorr  .         Warding  .     l - +0 pair of gloves
rMut   .         Stasis   .     (no boots)
MR     .....                    (no amulet)
Stlth  ++++......               p - +3 ring of intelligence
                                k - ring of magical power

@: very slightly contaminated, regenerating slowly, not resistant to hostile
enchantments, stealthy
A: fangs 3, see invisible, unbreathing
a: Bat Form


You were on level 2 of the Dungeon.
You were thirsty.

You visited 1 branch of the dungeon, and saw 2 of its levels.

You collected 82 gold pieces.

Inventory:

Hand Weapons
 a - a +1 dagger (weapon)
Armour
 b - a +1 robe (worn)
 j - a +2 helmet (worn)
 l - a +0 pair of gloves (worn)
Jewellery
 k - a ring of magical power (left hand)
 p - a +3 ring of intelligence (right hand)
Scrolls
 e - a scroll of remove curse {unknown}
 f - a scroll of random uselessness {unknown}
 g - a scroll of identify {unknown}
 h - a scroll of noise {unknown}
 i - a scroll of amnesia {unknown}
 o - a scroll of recharging {unknown}
 r - 3 scrolls of fog {unknown}
Potions
 d - 3 potions of blood
 m - a potion of heal wounds {unknown}
 n - a potion of brilliance {unknown}
 q - 2 potions of curing {unknown}
Books
 c - a book of Maledictions

   Spells                             Type                      Level
   a - Corona                         Hexes                        1
   b - Ensorcelled Hibernation        Hexes/Ice                    2
   c - Confuse                        Hexes                        3
   d - Tukima's Dance                 Hexes                        3
   e - Dazzling Spray                 Conjuration/Hexes            3


   Skills:
 - Level 1.1 Short Blades
 - Level 2.1 Dodging
 + Level 5.5 Stealth
 - Level 2.0 Spellcasting
 * Level 6.0 Hexes


You had 3 spell levels left.
You knew the following spells:

 Your Spells              Type           Power        Failure   Level  Hunger
a - Corona                Hex            ####...      1%          1    #......
b - Ensorcelled Hibernat  Hex/Ice        ##....       10%         2    ##.....


Dungeon Overview and Level Annotations

Branches:
Dungeon (2/15)

Altars:


Innate Abilities, Weirdness & Mutations

You heal slowly.
You have razor-sharp teeth.
You have supernaturally acute eyesight.
You can survive without breathing.


Message History

The gnoll resists with significant effort.
The gnoll hits you with a flail!
Casting: Ensorcelled Hibernation
Confirm with . or Enter, or press ? or * to list all spells.
Aiming: Ensorcelled Hibernation
Press: ? - help, Shift-Dir - straight line, f/p - gnoll
Aim: a gnoll, wielding a flail (chance to defeat MR: 53%)
The gnoll resists with significant effort.
The gnoll hits you with a flail.
* * * LOW HITPOINT WARNING * * *
Casting: Ensorcelled Hibernation
Confirm with . or Enter, or press ? or * to list all spells.
Aiming: Ensorcelled Hibernation
Press: ? - help, Shift-Dir - straight line, f/p - gnoll
Aim: a gnoll, wielding a flail (chance to defeat MR: 53%)
You miscast Ensorcelled Hibernation.
You are very lightly contaminated with residual magic.
Nothing appears to happen.
The gnoll hits you with a flail!
Ouch! That really hurt!
You die...

#.###.###.##
......# #.#
..##### #.# ###
##+## ##...## #
#.....## ## ##
###....## #.##.##
.###
#.....####.......
...+
#.....'.@g.....#
.###
#.....####...#.#
## #....## ..#..#
# ##...## .## ##
#...## .# ##'##
.. #.# ##
#########.######
.......#.......#


You could see a gnoll.

Vanquished Creatures
  3 gnolls (D:2)
  A giant gecko (D:1)
  5 bats
  4 hobgoblins
  A kobold (D:2)
  4 giant newts
  2 goblins (D:1)
  2 rats (D:1)
22 creatures vanquished.

Notes
Turn   | Place    | Note
--------------------------------------------------------------
     0 | D:1      | Raultor the Vampire Enchanter began the quest for the Orb.
     0 | D:1      | Reached XP level 1. HP: 13/13 MP: 3/3
   176 | D:1      | Reached skill level 5 in Hexes
   210 | D:1      | Reached XP level 2. HP: 19/19 MP: 5/5
   214 | D:1      | Learned a level 2 spell: Ensorcelled Hibernation
   595 | D:2      | Found a faded altar to an unknown god.
  1051 | D:2      | Reached skill level 5 in Stealth
  1051 | D:2      | Reached XP level 3. HP: 24/24 MP: 6/6
  1068 | D:2      | Reached skill level 6 in Hexes
  1071 | D:2      | Mangled by a gnoll

Action                   || total
-------------------------++-------
Melee: Dagger            ||    71
 Cast: Ensorcelled Hiber ||     6
 Stab: Sleeping          ||    10
